 Dungeon Crawl Stone Soup version 0.28-a0-984-g3775c662fe (webtiles) character file.

Game seed: 5745439450304294653

6509 pokeman the Thaumaturge (level 10, -5/56 HPs)
             Began as a Deep Elf Hedge Wizard on Dec 3, 2021.
             Was a Follower of Vehumet.
             Killed from afar by an electric eel (8 damage)
             ... with a bolt of electricity
             ... on level 9 of the Dungeon.
             The game lasted 00:31:27 (12267 turns).

pokeman the Thaumaturge (Deep Elf Hedge Wizard)    Turns: 12267, Time: 00:31:28

Health: -5/56      AC:  9    Str:  9    XL:     10   Next: 69%
Magic:  17/29      EV: 13    Int: 24    God:    Vehumet [*.....]
Gold:   531        SH:  0    Dex: 22    Spells: 25/36 levels left

rFire   . . .      SeeInvis .   K - +9 dagger of Mana {flame, Str+2 Dex+2 Stlth+}
rCold   . . .      Faith    .   (no shield)
rNeg    . . .      Spirit   .   u - +0 leather armour
rPois   .          Reflect  .   c - +0 hat
rElec   .          Harm     .   (no cloak)
rCorr   .          Rampage  .   l - +1 pair of gloves
Will    +....                   (no boots)
Stlth   ++........              (no amulet)
HPRegen 0.18/turn               n - +4 ring of protection
MPRegen 0.21/turn               x - +6 ring of dexterity

@: on blink cooldown, very slow
A: no striking features
a: Renounce Religion


You were on level 9 of the Dungeon.
You worshipped Vehumet.
Vehumet was aware of your devotion.
You visited 2 branches of the dungeon, and saw 10 of its levels.

You collected 531 gold pieces.

Inventory:

Hand Weapons
 j - a +2 whip of venom
 z - a +0 shortbow
 K - the +9 dagger of Mana (weapon) {flame, Str+2 Dex+2 Stlth+}
   (You found it on level 8 of the Dungeon)

   It burns those it strikes, dealing additional fire damage.
   Str:       It affects your strength (+2).
   Dex:       It affects your dexterity (+2).
   Stlth:     It makes you more stealthy.
 L - a +0 hand crossbow
 P - the +9 dagger of Bobla Xoa {vorpal, rElec rPois Str+9 Int-4}
   (You found it on level 9 of the Dungeon)

   It inflicts extra damage upon your enemies.
   Str:       It affects your strength (+9).
   Int:       It affects your intelligence (-4).
   rElec:     It insulates you from electricity.
   rPois:     It protects you from poison.
Missiles
 d - 141 arrows
 e - 13 bolts
 N - 3 throwing nets
Armour
 c - a +0 hat (worn)
 h - +0 swamp dragon scales
 l - a +1 pair of gloves (worn)
 u - a +0 leather armour (worn)
Magical Staves
 I - a staff of fire
 J - a staff of earth
Jewellery
 n - a +4 ring of protection (left hand)
 x - a +6 ring of dexterity (right hand)
 O - a ring of flight
Wands
 B - a wand of paralysis (15)
 E - a wand of flame (88)
 F - a wand of charming (9)
Scrolls
 b - 5 scrolls of magic mapping {unknown}
 g - a scroll of brand weapon {unknown}
 i - 3 scrolls of immolation {unknown}
 k - a scroll of holy word {unknown}
 m - 4 scrolls of fear {unknown}
 o - 8 scrolls of identify {unknown}
 r - 3 scrolls of vulnerability {unknown}
 s - 6 scrolls of teleportation {unknown}
 t - a scroll of blinking {unknown}
 v - 4 scrolls of enchant armour {unknown}
 y - a scroll of torment {unknown}
 C - a scroll of enchant weapon {unknown}
 H - 2 scrolls of noise {unknown}
 M - a scroll of amnesia {unknown}
Potions
 a - a potion of flight {unknown}
 f - 5 potions of curing
 p - 3 potions of brilliance {unknown}
 q - 3 potions of haste {unknown}
 w - 2 potions of heal wounds {unknown}
 A - 2 potions of lignification {unknown}
 D - a potion of magic {unknown}
 G - a potion of mutation {unknown}


   Skills:
 + Level 3.5 Fighting
 - Level 3.0 Armour
 - Level 3.0 Dodging
 - Level 3.0 Stealth
 - Level 3.0 Shields
 * Level 13.9 Spellcasting
 + Level 7.9 Conjurations
 - Level 1.1 Summonings
 - Level 1.1 Translocations
 + Level 7.2 Fire Magic
 - Level 1.0 Air Magic
 - Level 2.0 Earth Magic
 - Level 1.0 Poison Magic
 - Level 1.1 Evocations


You had 25 spell levels left.
You knew the following spells:

 Your Spells              Type           Power      Damage    Failure   Level
a - Magic Dart            Conj           100%       1d8       1%          1
b - Mephitic Cloud        Conj/Pois/Air  32%        N/A       3%          3
c - Call Imp              Summ           21%        N/A       4%          2
d - Blink                 Tloc           42%        N/A       4%          2
e - Conjure Flame         Conj/Fire      52%        6-21      1%          3

Your spell library contained the following spells:

 Spells                   Type           Power      Damage    Failure   Level
 Sandblast                Erth           52%        2d12      2%          1
 Slow                     Hex            64%        N/A       4%          1


Dungeon Overview and Level Annotations

Branches:
Dungeon (9/15)             Temple (1/1) D:5
   Lair: D:8-11         Orc: D:9-12

Altars:
Ashenzari
Cheibriados
Elyvilon
Fedhas
Gozag
Hepliaklqana
Makhleb
Nemelex Xobeh
Okawaru
Qazlal
Sif Muna
Trog
Uskayaw
Vehumet
Wu Jian
Zin
The Shining One


Message History

Aim: a wyvern (chance to affect: 77%)
The ball explodes into a vile cloud!
The stinking cloud engulfs the wyvern but does no damage.
The wyvern is engulfed in noxious fumes.
The electric eel flops around on dry land!
Unknown command.
Casting: Mephitic Cloud (dangerous; 3% risk of failure)
Confirm with . or Enter, or press ? or * to list all spells.
Aiming: Mephitic Cloud (dangerous; 3% risk of failure)
Press: ? - help, Shift-Dir - straight line, p - wyvern
Okay, then.
Unknown command.
Casting: Mephitic Cloud (dangerous; 3% risk of failure)
Confirm with . or Enter, or press ? or * to list all spells.
You blink.
Splash!
You fall into the shallow water.
Moving in this stuff is going to be slow. 2 electric eels come into view.
The electric eel dies!
The electric eel shoots out a bolt of lightning at you!
The bolt of electricity hits you!
* * * LOW HITPOINT WARNING * * *
The electric eel shoots out a bolt of lightning at you!
The bolt of electricity misses you.
The electric eel shoots out a bolt of lightning at you!
The bolt of electricity misses you.
The electric eel shoots out a bolt of lightning at you!
The bolt of electricity hits the plant!
The plant begins to die.
The bolt of electricity hits you!
* * * LOW HITPOINT WARNING * * *
The electric eel shoots out a bolt of lightning at you!
The bolt of electricity hits you.
* * * LOW HITPOINT WARNING * * *
The electric eel shoots out a bolt of lightning at you!
The bolt of electricity misses you.
The electric eel shoots out a bolt of lightning at you!
The bolt of electricity hits the electric eel.
The electric eel completely resists.
The bolt of electricity hits you!
You die...

♣≈≈≈≈≈≈≈≈≈♣≈
♣≈≈S≈≈≈≈≈≈P≈ #.#
≈≈≈≈≈≈≈≈≈≈P #.#
♣♣≈≈≈≈≈≈≈≈♣♣P #.#
#♣≈≈P≈P≈≈P♣≈≈≈ #.#
#≈P≈≈SPP♣≈PP≈♣ .#
#.####♣≈≈≈≈≈≈≈≈P♣♣. .#
#......♣S≈≈♣P≈≈≈≈≈. .#
#......l♣♣≈@P≈≈♣♣≈ .#
#....§..♣≈≈≈≈≈≈≈#
.#####.######.#P♣♣≈♣.#
.......# #.##≈ ♣..#
.......# # # ..#
.......# .# .####..# #
.# #..# .# #..#


You could see 3 electric eels.

Vanquished Creatures
  Harold (D:8)
  A two-headed ogre (D:9)
  Joseph (D:8)
  Maggie (D:8)
  Psyche (D:8)
  The ghost of ytrimaz the Chopper, an amateur DsFi (D:3)
  Grinder (D:3)
  Prince Ribbit (D:5)
  A wyvern (D:9)
  4 yaks (D:8)
  A wraith (D:9)
  Eustachio (D:6)
  Menkaure (D:5)
  An orc warrior (D:6)
  2 black bears
  A sky beast (D:5)
  3 ogres
  5 centaurs
  A phantom (D:4)
  2 kobold brigands
  3 bullfrogs
  A wyvern zombie (D:6)
  2 scorpions
  3 howler monkeys
  5 wights (D:8)
  An electric eel (D:9)
  A centaur zombie (D:7)
  3 hounds
  2 jellies
  4 centaur skeletons
  Jessica (D:2)
  Ijyb (D:5)
  Natasha (thrice) (D:4)
  5 iguanas
  An orc wizard (D:6)
  A hound skeleton (D:5)
  A howler monkey zombie (D:8)
  A howler monkey skeleton (D:7)
  7 adders
  A shadow imp (D:7)
  A white imp (D:5)
  An ufetubus (D:4)
  An adder zombie (D:5)
  An adder skeleton (D:4)
  A worm (D:3)
  A dart slug (D:3)
  7 orcs
  7 ball pythons
  8 bats
  8 endoplasms
  3 giant cockroaches
  5 goblins
  5 hobgoblins
  8 jackals
  22 kobolds
  3 quokkas
  A frilled lizard (D:1)
  4 rats
165 creatures vanquished.

Vanquished Creatures (others)
  4 electric eels
  15 plants
19 creatures vanquished.

Grand Total: 184 creatures vanquished

Notes
Turn   | Place    | Note
-------+----------+-------------------------------------------
     0 | D:1      | pokeman the Deep Elf Hedge Wizard began the quest for the
                  | Orb.
     0 | D:1      | Reached XP level 1. HP: 10/10 MP: 7/7
   182 | D:1      | Reached XP level 2. HP: 16/16 MP: 3/9
   344 | D:1      | Found a faded altar of an unknown god.
   668 | D:1      | Reached skill level 5 in Spellcasting
   877 | D:1      | Reached XP level 3. HP: 20/20 MP: 9/11
   881 | D:1      | Learned a level 3 spell: Mephitic Cloud
   884 | D:1      | Learned a level 2 spell: Call Imp
   887 | D:1      | Learned a level 2 spell: Blink
   891 | D:1      | Learned a level 3 spell: Conjure Flame
  1149 | D:2      | Found a bloodstained altar of Trog.
  1189 | D:2      | Reached skill level 1 in Fighting
  1189 | D:2      | Reached skill level 1 in Armour
  1390 | D:2      | Noticed Jessica
  1395 | D:2      | Killed Jessica
  1396 | D:2      | Reached XP level 4. HP: 25/25 MP: 6/13
  2288 | D:3      | Noticed ytrimaz's ghost (amateur DsFi)
  2371 | D:3      | Found a transporter.
  2435 | D:3      | Noticed Grinder
  2506 | D:3      | Paralysed by Grinder for 4 turns
  3025 | D:3      | Found a transporter.
  3076 | D:3      | Paralysed by Grinder for 7 turns
  3216 | D:3      | Noticed a black bear
  3232 | D:3      | Killed a black bear
  3233 | D:3      | Reached skill level 1 in Shields
  3233 | D:3      | Reached skill level 6 in Spellcasting
  3233 | D:3      | Reached XP level 5. HP: 29/29 MP: 8/15
  3822 | D:4      | Noticed a phantom
  3833 | D:4      | Killed a phantom
  3834 | D:4      | Reached XP level 6. HP: 34/34 MP: 6/17
  3914 | D:4      | Reached skill level 1 in Poison Magic
  3983 | D:4      | Reached skill level 1 in Fire Magic
  4053 | D:4      | Reached skill level 7 in Spellcasting
  4156 | D:4      | Noticed Natasha
  4167 | D:4      | Killed Natasha
  4577 | D:4      | Reached skill level 1 in Air Magic
  4657 | D:4      | Noticed Natasha
  4669 | D:4      | Killed Natasha
  4804 | D:4      | Found a broken altar of Ashenzari.
  4804 | D:4      | Found a sparkling altar of Nemelex Xobeh.
  4903 | D:4      | Noticed Natasha
  4918 | D:4      | Killed Natasha
  5186 | D:3      | Paralysed by Grinder for 7 turns
  5290 | D:3      | Paralysed by Grinder for 7 turns
  5298 | D:3      | Killed Grinder
  5299 | D:3      | Reached skill level 8 in Spellcasting
  5299 | D:3      | Reached XP level 7. HP: 15/38 MP: 2/20
  5618 | D:3      | Killed ytrimaz's ghost
  5855 | D:5      | Entered Level 5 of the Dungeon
  5953 | D:5      | Reached XP level 8. HP: 16/44 MP: 11/22
  6118 | D:5      | Reached skill level 9 in Spellcasting
  6266 | D:5      | Noticed Menkaure
  6851 | D:5      | Reached skill level 5 in Conjurations
  6852 | D:5      | Noticed Prince Ribbit
  6862 | D:5      | Killed Prince Ribbit
  6863 | D:5      | Reached skill level 10 in Spellcasting
  6976 | D:5      | Noticed Ijyb
  6998 | D:5      | Killed Ijyb
  7253 | D:5      | Found a staircase to the Ecumenical Temple.
  7263 | Temple   | Entered the Ecumenical Temple
  7499 | Temple   | Became a worshipper of Vehumet
  7793 | D:5      | Killed Menkaure
  7865 | D:6      | Reached skill level 1 in Evocations
  8033 | D:6      | Found a transporter.
  8061 | D:6      | Reached XP level 9. HP: 48/48 MP: 20/25
  8151 | D:6      | Found a transporter.
  8406 | D:6      | Noticed Eustachio
  8427 | D:6      | Killed Eustachio
  8448 | D:6      | Reached skill level 11 in Spellcasting
  8448 | D:6      | Reached skill level 5 in Fire Magic
  9341 | D:7      | Reached * piety under Vehumet
  9341 | D:7      | Offered knowledge of Sandblast by Vehumet.
 10177 | D:8      | Reached skill level 12 in Spellcasting
 10539 | D:8      | Reached XP level 10. HP: 53/53 MP: 8/28
 10729 | D:8      | Noticed Harold
 10846 | D:8      | Killed Harold
 10847 | D:8      | Reached skill level 1 in Earth Magic
 11010 | D:8      | Noticed Joseph
 11036 | D:8      | Killed Joseph
 11037 | D:8      | Reached skill level 13 in Spellcasting
 11041 | D:8      | Noticed Psyche
 11053 | D:8      | Killed Psyche
 11181 | D:8      | Identified the +9 dagger of Mana {flame, Str+2 Dex+2
                  | Stlth+}
 11254 | D:8      | Noticed Maggie
 11436 | D:8      | Killed Maggie
 11876 | D:9      | Noticed a two-headed ogre
 12018 | D:9      | Killed a two-headed ogre
 12237 | D:9      | Identified the +9 dagger of Bobla Xoa {vorpal, rElec rPois
                  | Str+9 Int-4}
 12267 | D:9      | Killed from afar by an electric eel

Illustrated notes

Levels and vault maps discovered:
D:1:      dpeg_chamrin_arrival_tetris, layout_rooms,
          chequers_ecumenical_altar_simple, serial_bayou_pond_e
D:2:      layout_basic, basic_altar, hangedman_decor_growths, uniq_jessica
D:3:      minmay_spotlight, layout_loops_ring, gammafunk_ghost_arena,
          uniq_grinder
D:4:      layout_basic, gammafunk_temple_overflow_statue, uniq_natasha
D:5:      layout_cave_pods, minmay_temple_entry_butterflies,
          serial_bayou_lagoon_a, uniq_prince_ribbit1, uniq_menkaure, uniq_ijyb
D:6:      gammafunk_steamed_eel, layout_loops_ring, uniq_eustachio
D:7:      layout_cave_pools
D:8:      layout_layer_cave, nicolae_underground_beach, uniq_harold,
          uniq_psyche, uniq_joseph, uniq_maggie
D:9:      layout_long_grid, chequers_garden, serial_bayou_lake_a
Temple:   mainiacjoe_temple_big_plus

Skill      XL: |  1  2  3  4  5  6  7  8  9 10 |
---------------+-------------------------------+-----
Spellcasting   | 5 6 8 10 12 13 | 13.9
Fighting       | 1 2 3 |  3.5
Armour         | 1 2 3 |  3.0
Conjurations   | 2 3 4 5 7 |  7.9
Dodging        | 3 |  3.0
Stealth        | 3 |  3.0
Shields        | 1 2 3 |  3.0
Poison Magic   | 1 |  1.0
Fire Magic     | 2 3 4 6 7 |  7.2
Air Magic      | 1 |  1.0
Evocations     | 1 |  1.1
Earth Magic    | 2 |  2.0
Summonings     | |  1.1
Translocations | |  1.1

Action                   |  1- 3 |  4- 6 |  7- 9 | 10-12 || total
-------------------------+-------+-------+-------+-------++-------
Melee: Dagger            |     4 |       |       |     7 ||    11
       Whip              |       |    42 |    63 |     8 ||   113
       Flail             |       |    10 |     6 |       ||    16
 Cast: Magic Dart        |    68 |   131 |   202 |    39 ||   440
       Call Imp          |       |     5 |     4 |     2 ||    11
       Blink             |       |     6 |     1 |     5 ||    12
       Conjure Flame     |       |     3 |    15 |    25 ||    43
       Mephitic Cloud    |       |     7 |    23 |    11 ||    41
Evoke: Wand              |       |       |       |     8 ||     8
 Stab: Sleeping          |       |     1 |       |       ||     1
       Confused          |       |     3 |    11 |     2 ||    16
       Paralysed         |       |       |       |     2 ||     2
Armor: Robe              |     6 |    18 |       |       ||    24
       Leather armour    |       |    36 |    45 |     9 ||    90
Dodge: Dodged            |    15 |    48 |    95 |    16 ||   174

Table legend: (Time is in decaauts)
 A = Elapsed time spent in this place.
 B = Non-inter-level travel time spent in this place.
 C = Inter-level travel time spent in this place.
 D = Time resting spent in this place.
 E = Time spent auto-exploring this place.
 F = Levels seen in this place.
 G = Mean time per level.
                   A        B        C        D        E       F      G
               +--------+--------+--------+--------+--------+-----+--------+
         Total |  12308 |  11684 |    624 |    430 |   9151 |  10 | 1230.8 |
       Dungeon |  12049 |  11446 |    603 |    430 |   8920 |   9 | 1338.8 |
        Temple |    258 |    237 |     21 |      0 |    231 |   1 |  258.0 |
               +--------+--------+--------+--------+--------+-----+--------+

Top non-repeatable levels by time:
     D:3: 2256 daAuts
     D:8: 1979 daAuts
     D:5: 1519 daAuts
     D:4: 1468 daAuts
     D:2: 1362 daAuts
     D:6: 1312 daAuts
     D:1: 991 daAuts
     D:7: 775 daAuts
     D:9: 384 daAuts
  Temple: 258 daAuts
